 Dungeon Crawl Stone Soup version 0.24.0-37-gcf1ca852f1 (webtiles) character file.

Game seed: 14573938476117387985, levelgen mode: deterministic

28 PentaManta the Slasher (level 3, -2/21 HPs)
             Began as a Vampire Gladiator on Dec 4, 2019.
             Slain by a bullfrog (7 damage)
             ... on level 2 of the Dungeon.
             The game lasted 00:03:44 (1504 turns).

PentaManta the Slasher (Vampire Gladiator)          Turns: 1504, Time: 00:03:44

Health: -2/21      AC:  4    Str: 13    XL:     3   Next: 0%
Magic:  3/3        EV: 13    Int: 10    God:
Gold:   42         SH:  0    Dex: 16    Spells: 2/2 levels left

rFire    . . .     SeeInvis +   a - +0 long sword
rCold    + + .     Gourm    .   (no shield)
rNeg     + + +     Faith    .   b - +0 leather armour
rPois    ∞         Spirit   .   c - +0 helmet
rElec    .         Reflect  .   (no cloak)
rCorr    .         Harm     .   (no gloves)
MR       .....                  (no boots)
Stlth    +++.......             (no amulet)
HPRegen  0.00/turn              (no ring)
MPRegen  0.08/turn              (no ring)

@: bloodless
A: no food, fangs 3, see invisible, unbreathing
a: Bat Form, Revivify


You were on level 2 of the Dungeon.
You were bloodless.

You visited 1 branch of the dungeon, and saw 2 of its levels.

You collected 42 gold pieces.

Inventory:

Hand Weapons
 a - a +0 long sword (weapon)
Missiles
 d - 3 throwing nets (quivered)
Armour
 b - a +0 leather armour (worn)
 c - a +0 helmet (worn)
Scrolls
 e - a scroll of enchant armour {unknown}
 i - a scroll of amnesia {unknown}
Potions
 f - a potion of might {unknown}
 g - a potion of heal wounds {unknown}
 h - a potion of invisibility {unknown}


   Skills:
 - Level 1.7 Fighting
 + Level 4.2 Long Blades
 - Level 1.5 Throwing
 - Level 3.2 Dodging


You had 2 spell levels left.
You didn't know any spells.
Your spell library was empty.

Dungeon Overview and Level Annotations

Branches:
Dungeon (2/15)

Altars:


Innate Abilities, Weirdness & Mutations

You do not eat.
You do not regenerate when monsters are visible.
You are frail without blood (-20% HP).
You can heal yourself when you bite living creatures.
You are immune to poison.
You have razor-sharp teeth.
You have supernaturally acute eyesight. (SInv)
You can survive without breathing.


Message History

There is a stone staircase leading down here.
You climb downwards.
There is a stone staircase leading up here.
A kobold comes into view. It is wielding a +0 short sword.
Found a short sword.
You see here a short sword.
Found 11 gold pieces.
You now have 42 gold pieces (gained 11).
A bullfrog comes into view.
The bullfrog gives a loud, deep croak!
You hear a shout!
You barely miss the bullfrog.
The bullfrog hits you but does no damage.
The bullfrog hits you! The bullfrog hits you! The bullfrog barely misses you.
The bullfrog hits you.
* * * LOW HITPOINT WARNING * * *
The bullfrog barely misses you. The bullfrog closely misses you.
The bullfrog misses you. The bullfrog hits you!
You die...

##.##.# #.##.# #.##.#
#.##.###############
#.##.#.#.......<...#
#.##.#..........##.#
#.##.#K#.#########.#
#.##.#F# #.# #.##..@#
#.# #.###### #.# #.#
#.#######.# #.#
#K........#
##)###############..#
#................#..#
#########...........#
#.######.#.## #..
.......


You could see a bullfrog and a kobold.

Vanquished Creatures
  2 dart slugs (D:1)
  2 bats (D:1)
  2 giant cockroaches (D:1)
  2 goblins (D:1)
  3 hobgoblins (D:1)
  2 jackals (D:1)
  A ball python (D:1)
  6 frilled lizards (D:1)
  2 kobolds (D:1)
  2 rats (D:1)
24 creatures vanquished.

Notes
Turn   | Place    | Note
-------+----------+-------------------------------------------
     0 | D:1      | PentaManta the Vampire Gladiator began the quest for the
                  | Orb.
     0 | D:1      | Reached XP level 1. HP: 16/16 MP: 1/1
   446 | D:1      | Reached XP level 2. HP: 14/17 MP: 2/2
   756 | D:1      | Reached skill level 4 in Long Blades
  1363 | D:1      | Reached XP level 3. HP: 21/21 MP: 3/3
  1497 | D:2      | Noticed a bullfrog
  1504 | D:2      | Slain by a bullfrog

Levels and vault maps discovered:
D:1:      roderic_dead_forest, layout_loops_ring, kennysheep_minor_cross,
          minivault_24
D:2:      layout_basic

Skill      XL: |  1  2 |
---------------+-------+-----
Long Blades    | 4 |  4.2
Fighting       | |  1.7
Throwing       | |  1.5
Dodging        | |  3.2

Action                   || total
-------------------------++-------
Melee: Long sword        ||    50
       Bite              ||     5
 Abil: Exsanguinate      ||     1
 Stab: Sleeping          ||     4
Armor: Leather armour    ||    14
Dodge: Dodged            ||    48
       Rpst.: Long sword ||    13
